 Dungeon Crawl Stone Soup version 0.30-a0-738-g116ff8c4af (webtiles) character file.

Game seed: 1083848041248966361

294 demibob the Chopper (level 6, 0/51 HPs)
             Began as a Hill Orc Fighter on Feb 3, 2023.
             Slain by a wyvern (15 damage)
             ... on level 4 of the Dungeon.
             The game lasted 00:03:22 (2541 turns).

demibob the Chopper (Hill Orc Fighter)              Turns: 2541, Time: 00:03:22

Health: 0/51       AC:  8    Str: 19 (21) XL:     6   Next: 33%
Magic:  6/6        EV:  9    Int:  5 (8)  God:
Gold:   110        SH:  0    Dex:  8 (10) Spells: 5/5 levels left

rFire   + . .      SeeInvis .    a - +0 war axe
rCold   . . .      Faith    .    (no shield)
rNeg    . . .      Spirit   .    b - +0 scale mail
rPois   .          Reflect  .    (no helmet)
rElec   .          Harm     .    (no cloak)
rCorr   .          Rampage  .    (no gloves)
Will    .....                    (no boots) Stlth
                                 j - amulet of the acrobat
HPRegen 0.28/turn                Y - +4 ring of slaying
MPRegen 0.10/turn                F - ring of protection from fire

@: about to teleport, attractive
A: iridescent scales 1
a: no special abilities


You were on level 4 of the Dungeon.
You visited 1 branch of the dungeon, and saw 4 of its levels.

You collected 110 gold pieces.


Innate Abilities, Weirdness & Mutations

You are partially covered in iridescent scales. (AC +2)


   Skills:
 - Level 3.6 Fighting
 + Level 6.3 Axes
 - Level 3.2 Armour
 + Level 5.8 Shields


You had 5 spell levels left.
You didn't know any spells.
Your spell library contained the following spells:

 Spells                   Type           Power      Damage    Failure   Level
 Ignite Poison            Fire/Tmut/Pois 0%         N/A       99%         3
 Summon Ice Beast         Ice/Summ       0%         N/A       100%        4
 Summon Lightning Spire   Summ/Air       0%         N/A       100%        4
 Fireball                 Conj/Fire      0%         3d3       100%        5

Inventory:

Hand Weapons
 a - a +0 war axe (weapon)
Missiles
 e - 2 poisoned darts (quivered)
 h - 2 javelins
Armour
 b - a +0 scale mail (worn)
Jewellery
 j - an amulet of the acrobat (around neck)
 F - a ring of protection from fire (right hand)
 Y - a +4 ring of slaying (left hand)
Scrolls
 i - a scroll of identify {@r1}
 k - a scroll of enchant armour {unknown}
 l - a scroll of enchant weapon {unknown}
Potions
 d - a potion of might
 f - a potion of attraction
 g - a potion of magic

Dungeon Overview and Level Annotations

Branches:
Dungeon (4/15)
 Temple: D:4-7

Altars:
Kikubaaqudgha

Shops:
D:1 ?

Annotations:
D:4 2 transporters

######## #......###
###.#......###
##.....####...##
#..#..#######).#####..
###.##.####...##@.......
....##.# #:....l#s.#####
#.####.##......J...# #.#
#.##........#.# #.#
#..#.......##.# #.#
##.##......# .# #.#
#....#.# .# #..
).#..##.) ### #...# #..
#...▒P.▒≈≈≈≈≈≈≈


You could see a wyvern, a scorpion and a jelly.


Message History

You see here a +0 giant club.
An endoplasm, a scorpion, a wyvern and a jelly come into view.
Found a manual of Stealth.
The endoplasm quivers.
The wyvern hisses angrily.
The endoplasm moves out of view.
There are monsters nearby!
Found a hand axe and a runed glaive.
The wyvern completely misses you. x2
You barely miss the wyvern. You hit the scorpion.
The scorpion stings you but does no damage.
The wyvern bites you! The scorpion closely misses you. The wyvern bites you!
The wyvern attacks as you move away! The wyvern bites you!
* * * LOW HITPOINT WARNING * * *
It was a potion of attraction.
You feel attractive to monsters. The wyvern bites you.
* * * LOW HITPOINT WARNING * * *
The wyvern bites you but does no damage.
It was a potion of degeneration.
There was something very wrong with that liquid.
You feel weakened.
You feel dopey.
You feel clumsy. The wyvern barely misses you.
It was a potion of mutation.
You feel extremely strange.
Iridescent scales grow over part of your body.
The wyvern barely misses you.
The wyvern bites you but does no damage.
The scorpion stings you but does no damage.
As you read the scroll of teleportation {@r2}, it crumbles to dust.
You feel strangely unstable. The wyvern bites you!
You die...

Skill      XL: |  1  2  3  4  5 |
---------------+----------------+-----
Axes           | 3 4 5 6 |  6.3
Shields        | 4 5 |  5.8
Fighting       | |  3.6
Armour         | |  3.2

Action                     |  1- 3 |  4- 6 || total
---------------------------+-------+-------++-------
  Melee: War axe           |    66 |    68 ||   134
    Use: Scroll            |     5 |     3 ||     8
         Potion            |       |     5 ||     5
 Armour: Scale mail        |    37 |    44 ||    81
  Dodge: Dodged            |    43 |    42 ||    85

Levels and vault maps discovered:
D:1:      lemuel_arrival_muddy, layout_loops_ring, serial_shops,
          nicolae_diamond_shop
D:2:      layout_basic
D:3:      layout_rooms
D:4:      gammafunk_wand_slinger, layout_loops_ring, mainiacjoe_overflow_paths,
          minmay_manual_moon

Notes
Turn   | Place    | Note
-------+----------+-------------------------------------------
     0 | D:1      | demibob the Hill Orc Fighter began the quest for the Orb.
     0 | D:1      | Reached XP level 1. HP: 19/19 MP: 1/1
   232 | D:1      | Reached skill level 3 in Axes
   300 | D:1      | Reached XP level 2. HP: 24/26 MP: 2/2
   463 | D:1      | Found Zibuahet's Magic Scroll Emporium.
   775 | D:2      | Reached XP level 3. HP: 31/31 MP: 3/3
   800 | D:2      | Reached skill level 4 in Shields
   877 | D:2      | Reached skill level 4 in Axes
  1551 | D:3      | Reached XP level 4. HP: 37/39 MP: 4/4
  1780 | D:3      | Reached skill level 5 in Axes
  2084 | D:4      | Got the Omnibus of Assembled Causimancy
  2111 | D:4      | Found an ancient bone altar of Kikubaaqudgha.
  2142 | D:4      | Reached XP level 5. HP: 44/45 MP: 5/5
  2166 | D:4      | Found a transporter.
  2180 | D:4      | Found a transporter.
  2193 | D:4      | Noticed a black bear
  2201 | D:4      | Killed a black bear
  2202 | D:4      | Reached skill level 5 in Shields
  2458 | D:4      | Noticed an ogre
  2465 | D:4      | Killed an ogre
  2466 | D:4      | Reached skill level 6 in Axes
  2466 | D:4      | Reached XP level 6. HP: 32/51 MP: 6/6
  2534 | D:4      | Noticed a wyvern
  2540 | D:4      | Gained mutation: You are partially covered in iridescent
                  | scales. (AC +2) [potion of mutation]
  2541 | D:4      | Slain by a wyvern

Vanquished Creatures
  A black bear (D:4)
  An ogre (D:4)
  An orc wizard (D:3)
  2 adders (D:2)
  4 dart slugs
  11 orcs (D:3)
  3 endoplasms
  2 giant cockroaches
  4 goblins
  7 hobgoblins
  4 jackals (D:2)
  A quokka (D:3)
  2 ball pythons
  5 bats
  8 kobolds
  2 rats
58 creatures vanquished.

Table legend: (Time is in decaauts)
 A = Elapsed time spent in this place.
 B = Non-inter-level travel time spent in this place.
 C = Inter-level travel time spent in this place.
 D = Time resting spent in this place.
 E = Time spent auto-exploring this place.
 F = Levels seen in this place.
 G = Mean time per level.
                   A        B        C        D        E       F      G
               +--------+--------+--------+--------+--------+-----+--------+
         Total |   2579 |   2499 |     80 |      0 |   2090 |   4 |  644.8 |
       Dungeon |   2579 |   2499 |     80 |      0 |   2090 |   4 |  644.8 |
               +--------+--------+--------+--------+--------+-----+--------+

Top non-repeatable levels by time:
     D:2: 889 daAuts
     D:1: 681 daAuts
     D:3: 539 daAuts
     D:4: 468 daAuts

Table legend:
 A = Non-vault XP
 B = Vault XP
 C = Vault XP percentage of total XP
 D = Non-vault monster count
 E = Vault monster count
 F = Vault count percentage of total count
                 A         B        C        D         E       F
            +---------+---------+-------+---------+---------+-------
      Total |     418 |       2 |   0.5 |      57 |       1 |   1.7
            +---------+---------+-------+---------+---------+-------
        D:1 |      20 |       0 |   0.0 |      11 |       0 |   0.0
        D:2 |      58 |       0 |   0.0 |      19 |       0 |   0.0
        D:3 |      86 |       0 |   0.0 |      21 |       0 |   0.0
        D:4 |     254 |       2 |   0.8 |       6 |       1 |  14.3
            +---------+---------+-------+---------+---------+-------
